 Dungeon Crawl Stone Soup version 0.23-b1-70-gd12f7cf (webtiles) character file.

Game seed: 4304856128724928534

529 Folque the Digger (level 7, 0/55 HPs)
             Began as a Red Draconian Earth Elementalist on Feb 6, 2019.
             Slain by a mummy (18 damage)
             ... in an ossuary.
             The game lasted 00:12:38 (4368 turns).

Folque the Digger (DrEE)                            Turns: 4368, Time: 00:12:39

Health: 0/55       AC:  6    Str: 10    XL:     7   Next: 3%
Magic:  1/14       EV: 12    Int: 17    God:
Gold:   196        SH:  0    Dex: 12    Spells: 5/16 levels left

rFire    + . .     SeeInvis .   w - +0 short sword (venom)
rCold    . . .     Gourm    .   (no shield)
rNeg     . . .     Faith    .   (armour unavailable)
rPois    .         Spirit   .   (helmet restricted)
rElec    .         Reflect  .   (no cloak)
rCorr    .         Harm     .   (no gloves)
MR       .....                  (no boots)
Stlth    ++........             (no amulet)
HPRegen  0.18/turn              (no ring)
MPRegen  0.14/turn              (no ring)

@: very slightly contaminated
A: breathe fire, unfitting armour, fire resistance 1, cold-blooded, AC +6
a: Breathe Fire


You were in an ossuary.
You were very hungry.

You visited 1 branch of the dungeon, and saw 5 of its levels.
You also visited: Ossuary.

You collected 196 gold pieces.

Inventory:

Hand Weapons
 d - a cursed +0 mace
 f - a +0 whip
 w - a +0 short sword of venom (weapon)
Missiles
 b - 164 stones (quivered)
Armour
 h - a +0 buckler
Jewellery
 s - a cursed ring of wizardry {unknown}
Wands
 j - a wand of enslavement (7)
Scrolls
 g - 4 scrolls of blinking
 l - 2 scrolls of remove curse {unknown}
 m - a scroll of noise {unknown}
 o - 2 scrolls of fog
 q - 2 scrolls of identify
 r - a scroll of teleportation
 t - a scroll of enchant armour
Potions
 a - a potion of haste {unknown}
 e - 2 potions of brilliance {unknown}
 k - a potion of agility
 n - a potion of might {unknown}
 p - a potion of mutation {unknown}
 v - a potion of curing {unknown}
Comestibles
 c - 9 rations
 i - 6 chunks of flesh


   Skills:
 - Level 2.0 Fighting
 - Level 1.7 Dodging
 - Level 1.7 Stealth
 + Level 5.0 Spellcasting
 - Level 1.1 Conjurations
 - Level 1.0 Transmutations
 + Level 5.6 Earth Magic


You had 5 spell levels left.
You knew the following spells:

 Your Spells              Type           Power        Failure   Level  Hunger
a - Sandblast             Erth           ###...       1%          1    None
b - Passwall              Tmut/Erth      ###.....     5%          2    #......
c - Stone Arrow           Conj/Erth      ###...       11%         3    ###....
d - Lee's Rapid Deconstr  Erth           ###.......   36%         5    ######.

Your spell library contained the following spells:

 Spells                   Type           Power        Failure   Level  Hunger
 Petrify                  Tmut/Erth      ###.....     34%         4    ####...


Dungeon Overview and Level Annotations

Branches:
Dungeon (5/15)
 Temple: D:4-7

Altars:
Cheibriados
Elyvilon
Hepliaklqana
Kikubaaqudgha
Makhleb

Annotations:
D:3 2 runed translucent doors, EtherCrawl's ghost, amateur NaTm


Innate Abilities, Weirdness & Mutations

You can breathe blasts of fire.
Your fiery red scales are hard. (AC +6)
You cannot fit into any form of body armour.
Your flesh is heat resistant. (rF+)
You are cold-blooded and may be slowed by cold attacks.


Message History

You hit the big kobold zombie but do no damage.
The big kobold zombie is heavily damaged.
The mummy hits you but does no damage.
The big kobold zombie closely misses you.
The big kobold zombie hits you. The mummy barely misses you.
You closely miss the big kobold zombie.
The big kobold zombie is heavily damaged.
The big kobold zombie closely misses you.
The mummy closely misses you.
The big kobold zombie hits you but does no damage.
You hit the big kobold zombie but do no damage.
You tail-slap the big kobold zombie, but do no damage.
The big kobold zombie is heavily damaged.
The big kobold zombie hits you. x2; The mummy hits you but does no damage.
You barely miss the big kobold zombie.
The big kobold zombie is heavily damaged.
The big kobold zombie hits you but does no damage. x2
The big kobold zombie barely misses you.
The mummy hits you! The mummy hits you!!
You die...

#M....#
#.....#
#.....#
#.....#
#..∩..#
#.....#
#..∩..#
#MM...#
#@Z...#
#ZZ.^^#
#.Z...^.#
##.....##
.......#
##.....##
.......#
#.....##
.....^Z


You could see 2 mummies and 4 big kobold zombies.

Vanquished Creatures
  An ogre (D:5)
  A scorpion (D:5)
  A jelly (D:3)
  A hound (D:4)
  2 orc priests
  4 worker ants
  8 adders
  An ooze (D:3)
  3 worms
  A dart slug (D:1)
  5 leopard geckos
  9 orcs
  14 bats
  A giant cockroach (D:5)
  10 goblins
  10 hobgoblins
  A jackal (D:5)
  5 kobolds
  3 quokkas
  A ball python (D:5)
  5 frilled lizards
  A hobgoblin zombie (Ossuary)
  A quokka skeleton (D:2)
  6 rats
95 creatures vanquished.

Vanquished Creatures (others)
  A bat (D:2)
1 creature vanquished.

Grand Total: 96 creatures vanquished

Notes
Turn   | Place    | Note
-------+----------+-------------------------------------------
     0 | D:1      | Folque the Draconian Earth Elementalist began the quest for
                  | the Orb.
     0 | D:1      | Reached XP level 1. HP: 14/14 MP: 3/3
    98 | D:1      | Reached skill level 1 in Fighting
   313 | D:1      | Reached XP level 2. HP: 23/23 MP: 1/5
   554 | D:1      | Learned a level 2 spell: Passwall
   857 | D:2      | Reached XP level 3. HP: 22/29 MP: 3/6
   865 | D:2      | Learned a level 3 spell: Stone Arrow
  1302 | D:2      | Reached XP level 4. HP: 24/36 MP: 6/8
  1407 | D:2      | Found a white marble altar of Elyvilon.
  1686 | D:3      | Reached skill level 1 in Conjurations
  1779 | D:3      | Found a large runed translucent door.
  1780 | D:3      | Found a large runed translucent door.
  1817 | D:3      | Reached XP level 5. HP: 26/41 MP: 0/10
  2175 | D:3      | Noticed a sky beast
  2201 | D:3      | Found a burning altar of Makhleb.
  2201 | D:3      | Found a snail-covered altar of Cheibriados.
  2208 | D:3      | Found a hazy altar of Hepliaklqana.
  2358 | D:3      | Learned a level 5 spell: Lee's Rapid Deconstruction
  2435 | D:3      | Noticed EtherCrawl's ghost (amateur NaTm)
  3280 | D:4      | Reached XP level 6. HP: 28/48 MP: 2/12
  3987 | D:4      | Reached skill level 5 in Earth Magic
  4114 | D:5      | Entered Level 5 of the Dungeon
  4241 | D:5      | Found an ancient bone altar of Kikubaaqudgha.
  4273 | D:5      | Your scales start taking on a fiery red colour.
  4273 | D:5      | Reached XP level 7. HP: 44/55 MP: 0/14
  4273 | D:5      | Gained mutation: Your flesh is heat resistant. (rF+) [Red
                  | Draconian growth]
  4331 | D:5      | Found a sand-covered staircase.
  4338 | D:5      | Reached skill level 5 in Spellcasting
  4348 | Ossuary  | Entered an ossuary
  4368 | Ossuary  | Slain by a mummy

Skill      XL: |  1  2  3  4  5  6  7 |
---------------+----------------------+-----
Fighting       | 1 2 |  2.0
Spellcasting   | 3 4 5 |  5.0
Conjurations   | 1 |  1.1
Earth Magic    | 4 5 |  5.6
Dodging        | |  1.7
Stealth        | |  1.7
Transmutations | |  1.0

Action                   |  1- 3 |  4- 6 |  7- 9 || total
-------------------------+-------+-------+-------++-------
Melee: Unarmed           |    18 |       |       ||    18
       Tailslap          |    10 |    15 |     4 ||    29
       Whip              |   142 |   113 |       ||   255
       Short sword       |       |     1 |    22 ||    23
 Cast: Sandblast         |    23 |    23 |     5 ||    51
       Stone Arrow       |     1 |    34 |     1 ||    36
  Use: Scroll            |     4 |     6 |       ||    10
       Potion            |       |     2 |       ||     2
 Stab: Sleeping          |     5 |     3 |       ||     8
  Eat: Chunk             |     2 |    12 |       ||    14
Armor: Skin              |    43 |    47 |    20 ||   110
Dodge: Dodged            |   113 |    95 |    20 ||   228
